 Dungeon Crawl Stone Soup version 0.28-a0-1447-ga5a8893891 (webtiles) character file.

Game seed: 16080014420673459714

7 AttackTheMoon the Digger (level 2, -2/20 HPs)
             Began as a Formicid Earth Elementalist on Jan 11, 2022.
             Slain by a kobold (3 damage)
             ... on level 1 of the Dungeon.
             The game lasted 00:02:10 (139 turns).

AttackTheMoon the Digger (FoEE)                      Turns: 139, Time: 00:02:11

Health: -2/20      AC:  2    Str: 12    XL:     2   Next: 5%
Magic:  1/5        EV:  8    Int: 14    God:
Gold:   0          SH:  9    Dex: 11    Spells: 4/5 levels left

rFire   . . .      SeeInvis +   (no weapon)
rCold   . . .      Faith    .   a - +0 tower shield
rNeg    . . .      Spirit   .   b - +0 robe
rPois   .          Reflect  .   (helmet unavailable)
rElec   .          Harm     .   (no cloak)
rCorr   .          Rampage  .   (no gloves)
Will    .....                   (no boots)
Stlth   ++........              (no amulet)
HPRegen 0.06/turn               (no ring)
MPRegen 0.09/turn               (no ring)

@: no status effects
A: permanent stasis, dig shafts and tunnels, antennae 3, four strong arms
a: Dig, Shaft Self


You were on level 1 of the Dungeon.
You visited 1 branch of the dungeon, and saw 1 of its levels.

Inventory:

Missiles
 c - 23 stones
Armour
 a - a +0 tower shield (worn)
 b - a +0 robe (worn)


   Skills:
 + Level 0.7 Fighting
 - Level 1.7 Dodging
 - Level 2.4 Stealth
 + Level 2.4 Spellcasting
 - Level 1.1 Transmutations
 + Level 3.8 Earth Magic


You had 4 spell levels left.
You knew the following spells:

 Your Spells              Type           Power      Damage    Failure   Level
a - Sandblast             Erth           24%        2d8       41%         1

Your spell library contained the following spells:

 Spells                   Type           Power      Damage    Failure   Level
 Passwall                 Tmut/Erth      6%         N/A       75%         2
 Apportation              Tloc           2%         N/A       91%         1
 Slow                     Hex            4%         N/A       91%         1
 Stone Arrow              Conj/Erth      14%        3d7       96%         3
 Confusing Touch          Hex            1%         N/A       99%         3
 Vampiric Draining        Necr           1%         2d6       99%         3
 Petrify                  Tmut/Erth      8%         N/A       100%        4
 Alistair's Intoxication  Tmut/Pois      2%         N/A       100%        5


Dungeon Overview and Level Annotations

Branches:
Dungeon (1/15)

Altars:


Innate Abilities, Weirdness & Mutations

You cannot be hasted, slowed, berserked, paralysed or teleported.
You can dig through walls and to a lower floor.
You have a pair of large antennae on your head. (SInv)
Your four strong arms can wield two-handed weapons with a shield.


Message History

The endoplasm is severely wounded.
You block the endoplasm's attack.
You barely miss the endoplasm.
The endoplasm is severely wounded.
A frilled lizard comes into view.
The endoplasm hits you.
You are too injured to fight recklessly!
The endoplasm freezes you.
You are frozen.
* * * LOW HITPOINT WARNING * * *
You aren't carrying any scrolls.
You aren't carrying any potions.
A giant cockroach comes into view.
Your magical contamination has completely faded away.
Aiming: Sandblast (safe; 41% risk of failure)
Press: ? - help, Q - select action, (/) - cycle Shift-Dir - straight line, f/p - endoplasm
Aim: an endoplasm (heavily wounded, 98% to hit)
The blast of sand hits the endoplasm!
You kill the endoplasm!
You block the kobold's attack.
You have reached level 2!
Found a stone staircase leading down.
Found a gold piece.
The kobold barely misses you.
There is a stone staircase leading down here.
Aiming: Sandblast (safe; 41% risk of failure)
Press: ? - help, Q - select action, (/) - cycle Shift-Dir - straight line, f - kobold
Aim: a kobold, wielding a +0 whip (74% to hit)
The blast of sand misses the kobold.
The kobold hits you with a +0 whip.
* * * LOW HITPOINT WARNING * * *
Aiming: Sandblast (safe; 41% risk of failure)
Press: ? - help, Q - select action, (/) - cycle Shift-Dir - straight line, f/p - kobold
Aim: a kobold, wielding a +0 whip (74% to hit)
The blast of sand misses the kobold.
The kobold hits you but does no damage.
Unknown command.
You hit the kobold but do no damage. The kobold hits you but does no damage.
The kobold hits you with a +0 whip.
You die...

#... #$.. #... #...
################...
#..............>...
##.#############...
#K# #... #@# # #...
#...# #. ####
###.... #..####
###..# #.....##
.###.###...
.....##...#
#....### #....# #
##.#..###


You could see a kobold.

Vanquished Creatures
  A dart slug (D:1)
  An endoplasm (D:1)
  2 hobgoblins (D:1)
4 creatures vanquished.

Notes
Turn   | Place    | Note
-------+----------+-------------------------------------------
     0 | D:1      | AttackTheMoon the Formicid Earth Elementalist began the
                  | quest for the Orb.
     0 | D:1      | Reached XP level 1. HP: 13/13 MP: 3/3
   112 | D:1      | Reached XP level 2. HP: 2/20 MP: 0/5
   137 | D:1      | HP: 1/20 [kobold (2)]
   139 | D:1      | Slain by a kobold

Illustrated notes

Levels and vault maps discovered:
D:1:      minmay_arrival_stone_box, layout_rooms,
          hellmonk_ecumenical_altar_watching_god

Action                   || total
-------------------------++-------
Melee: Unarmed           ||    10
 Cast: Sandblast         ||     7
Armor: Robe              ||     2
Dodge: Dodged            ||     3
Block: Tower shield      ||     2

Table legend: (Time is in decaauts)
 A = Elapsed time spent in this place.
 B = Non-inter-level travel time spent in this place.
 C = Inter-level travel time spent in this place.
 D = Time resting spent in this place.
 E = Time spent auto-exploring this place.
 F = Levels seen in this place.
 G = Mean time per level.
                   A        B        C        D        E       F      G
               +--------+--------+--------+--------+--------+-----+--------+
         Total |    140 |    140 |      0 |      0 |     58 |   1 |  140.0 |
       Dungeon |    140 |    140 |      0 |      0 |     58 |   1 |  140.0 |
               +--------+--------+--------+--------+--------+-----+--------+

Top non-repeatable levels by time:
     D:1: 140 daAuts
